| TOP OF THE 1ST |
|
Bluefield Blue Jays batting - Pitching for Great Falls Voyagers : LHP Amari Miller
|
|
Pitching: LHP Amari Miller
|
|
|
Batting: RHB Stephen Casteel
|
0-0: DOUBLE (Line Drive, 7LS, EV 105.6 MPH)
|
|
Batting: RHB Mike Johnson
|
0-0: Fly out, F4 (Popup, 4S, EV 84.4 MPH)
|
|
Batting: RHB Bill Murray
|
0-0: Ball 1-0: Ball 2-0: Fly out, F8 (Flyball, 78D, EV 87.5 MPH)
|
|
Batting: RHB Victor Ayala
|
0-0: Ball 1-0: Called Strike 1-1: SINGLE (Groundball, 56S, EV 68.8 MPH) (infield hit) Stephen Casteel to third
|
|
Batting: RHB Dan Muns
|
0-0: Foul Ball, location: 2F 0-1: Ball Victor Ayala is caught stealing 2nd base 2-4
|
| Top of the 1st over - 0 runs, 2 hits, 0 errors, 1 left on base; Bluefield 0 - Great Falls 0 |
| BOTTOM OF THE 1ST |
|
Great Falls Voyagers batting - Pitching for Bluefield Blue Jays : RHP Bob Markle
|
|
Pitching: RHP Bob Markle
|
|
|
Batting: SHB Jay Gagnon
|
0-0: Ball 1-0: Ball 2-0: Ball 3-0: Called Strike 3-1: Base on Balls
|
|
Batting: RHB Mike Rosa
|
0-0: Ball Jay Gagnon is caught stealing 2nd base 2-4 1-0: Ball 2-0: Ball 3-0: Called Strike 3-1: Base on Balls
|
|
Batting: LHB Justin Stickney
|
0-0: Fly out, F4 (Line Drive, 4, EV 71.2 MPH)
|
|
Batting: LHB Jeff Alphonso
|
0-0: Ball 1-0: Foul Ball, location: 2F 1-1: Swinging Strike 1-2: Ball 2-2: Foul Ball, location: 2F 2-2: Ball 3-2: Strikes out swinging
|
| Bottom of the 1st over - 0 runs, 0 hits, 0 errors, 1 left on base; Bluefield 0 - Great Falls 0 |
| TOP OF THE 2ND |
|
Bluefield Blue Jays batting - Pitching for Great Falls Voyagers : LHP Amari Miller
|
|
Batting: RHB Dan Muns
|
0-0: Foul Ball, location: 2F 0-1: Ball 1-1: Ball 2-1: Foul Ball, location: 2F 2-2: Ball 3-2: Ground out 6-3 (Groundball, 56, EV 101.2 MPH)
|
|
Batting: LHB Kurt Estep
|
0-0: Foul Ball, location: 2F 0-1: Ball 1-1: Ball 2-1: Ball 3-1: Base on Balls
|
|
Batting: RHB Shunsuke Shiba Inu
|
0-0: Ball 1-0: 2-RUN HOME RUN (Flyball, 78XD, EV 100.0 MPH), Distance : 399 ft
|
|
Batting: SHB Dominik Hasek II
|
0-0: Ball 1-0: Ball 2-0: Called Strike 2-1: Called Strike 2-2: Strikes out looking and he ARGUES THE CALL AND IS TOSSED!
|
|
Batting: LHB Eric Toney
|
0-0: Foul Ball, location: 2F 0-1: Ball 1-1: Called Strike 1-2: Fly out, F5 (Line Drive, 6, EV 65.0 MPH)
|
| Top of the 2nd over - 2 runs, 1 hit, 0 errors, 0 left on base; Bluefield 2 - Great Falls 0 |
| BOTTOM OF THE 2ND |
|
Great Falls Voyagers batting - Pitching for Bluefield Blue Jays : RHP Bob Markle
|
|
Now in CF: Kurt Estep
|
|
|
Now in RF: Carlos Bravo
|
|
|
Batting: RHB Andy Cotton
|
0-0: DOUBLE (Line Drive, 89XD, EV 102.5 MPH)
|
|
Batting: RHB David Rhodes
|
0-0: Ball 1-0: Swinging Strike 1-1: Ground out 6-3 (Groundball, 6, EV 91.2 MPH) Andy Cotton to third
|
|
Batting: RHB Billy Grubbs
|
0-0: Ball 1-0: Ball 2-0: Called Strike 2-1: SINGLE (Line Drive, 6D, EV 100.0 MPH) Andy Cotton scores
|
|
Batting: RHB Kasey Bland
|
0-0: Called Strike 0-1: TRIPLE (Line Drive, 7LM, EV 105.6 MPH) Billy Grubbs scores
|
|
Batting: RHB Vladmiri Nugaibekov
|
0-0: Foul Ball, location: 2F 0-1: Called Strike 0-2: Strikes out swinging
|
|
Batting: SHB Jay Gagnon
|
0-0: SINGLE (Groundball, 6MD, EV 95.6 MPH) Kasey Bland scores
|
|
Batting: RHB Mike Rosa
|
0-0: Ball Jay Gagnon steals 2nd base 1-0: Ball 2-0: Ball 3-0: Base on Balls
|
|
Batting: LHB Justin Stickney
|
0-0: Ball 1-0: Foul Ball, location: 2F 1-1: Ball 2-1: Ball 3-1: Base on Balls Jay Gagnon to third Mike Rosa to second
|
|
Batting: LHB Jeff Alphonso
|
0-0: Foul Ball, location: 2F 0-1: Ball 1-1: Foul Ball, location: 2F 1-2: Foul Ball, location: 2F 1-2: Strikes out swinging
|
| Bottom of the 2nd over - 3 runs, 4 hits, 0 errors, 3 left on base; Bluefield 2 - Great Falls 3 |
| TOP OF THE 3RD |
|
Bluefield Blue Jays batting - Pitching for Great Falls Voyagers : LHP Amari Miller
|
|
Batting: RHB Stephen Casteel
|
0-0: Ball 1-0: Called Strike 1-1: Ground out 6-3 (Groundball, 6, EV 81.9 MPH)
|
|
Batting: RHB Mike Johnson
|
0-0: Ground out 6-3 (Groundball, 6M, EV 93.1 MPH)
|
|
Batting: RHB Bill Murray
|
0-0: Ball 1-0: Called Strike 1-1: Ball 2-1: Foul Ball, location: 2F 2-2: Foul Ball, location: 2F 2-2: Strikes out swinging
|
| Top of the 3rd over - 0 runs, 0 hits, 0 errors, 0 left on base; Bluefield 2 - Great Falls 3 |
| BOTTOM OF THE 3RD |
|
Great Falls Voyagers batting - Pitching for Bluefield Blue Jays : RHP Bob Markle
|
|
Batting: RHB Andy Cotton
|
0-0: Foul Ball, location: 2F 0-1: Called Strike 0-2: Ball 1-2: Ball 2-2: Foul Ball, location: 2F 2-2: Foul Ball, location: 2F 2-2: Ball 3-2: Base on Balls
|
|
Batting: RHB David Rhodes
|
0-0: Ball 1-0: Swinging Strike 1-1: Called Strike Andy Cotton is caught stealing 2nd base 2-4 1-2: Foul Ball, location: 2F 1-2: SINGLE (Groundball, 6MD, EV 95.6 MPH)
|
|
Batting: RHB Billy Grubbs
|
0-0: Fielders Choice at 2nd, 6-4 (Groundball, 56, EV 84.4 MPH)
|
|
Batting: RHB Kasey Bland
|
0-0: Called Strike 0-1: Ground out 5-3 (Groundball, 56S, EV 63.1 MPH)
|
| Bottom of the 3rd over - 0 runs, 1 hit, 0 errors, 1 left on base; Bluefield 2 - Great Falls 3 |
| TOP OF THE 4TH |
|
Bluefield Blue Jays batting - Pitching for Great Falls Voyagers : LHP Amari Miller
|
|
Batting: RHB Victor Ayala
|
0-0: Ball 1-0: Ball 2-0: Called Strike 2-1: Ball 3-1: DOUBLE (Groundball, 5L, EV 96.9 MPH)
|
|
Batting: RHB Dan Muns
|
0-0: Called Strike 0-1: 2-RUN HOME RUN (Flyball, 7D, EV 95.0 MPH), Distance : 373 ft
|
|
Batting: LHB Kurt Estep
|
0-0: Ball 1-0: DOUBLE (Line Drive, 7LS, EV 110.0 MPH)
|
|
Batting: RHB Shunsuke Shiba Inu
|
0-0: Ball 1-0: Called Strike 1-1: Ball 2-1: Foul Ball, location: 2F 2-2: Foul Ball, location: 2F 2-2: Strikes out swinging
|
|
Batting: RHB Carlos Bravo
|
0-0: Ball 1-0: DOUBLE (Flyball, 9LM, EV 90.6 MPH) Kurt Estep scores
|
|
Pitching: RHP Chris Worster
|
|
|
Batting: LHB Eric Toney
|
0-0: Foul Ball, location: 2F 0-1: Called Strike 0-2: Ball 1-2: Ground out 4-3 (Groundball, 4, EV 105.0 MPH) Carlos Bravo to third
|
|
Batting: RHB Stephen Casteel
|
0-0: Ball 1-0: Called Strike 1-1: SINGLE (Groundball, 6S, EV 73.1 MPH) (infield hit) Carlos Bravo scores
|
|
Batting: RHB Mike Johnson
|
0-0: Ball Stephen Casteel is caught stealing 2nd base 2-4
|
| Top of the 4th over - 4 runs, 5 hits, 0 errors, 0 left on base; Bluefield 6 - Great Falls 3 |
| BOTTOM OF THE 4TH |
|
Great Falls Voyagers batting - Pitching for Bluefield Blue Jays : RHP Bob Markle
|
|
Batting: RHB Vladmiri Nugaibekov
|
0-0: Swinging Strike 0-1: Foul Ball, location: 2F 0-2: Ball 1-2: Ball 2-2: Foul Ball, location: 2F 2-2: Ball 3-2: Ground out 1-3 (Groundball, 15S, EV 61.9 MPH)
|
|
Batting: SHB Jay Gagnon
|
0-0: Called Strike 0-1: Ball 1-1: Ball 2-1: Ball 3-1: Foul Ball, location: 2F 3-2: Base on Balls
|
|
Batting: RHB Mike Rosa
|
0-0: Called Strike Jay Gagnon is caught stealing 2nd base 2-4 0-1: Ball 1-1: Swinging Strike 1-2: Ball 2-2: Ball 3-2: Base on Balls
|
|
Batting: LHB Justin Stickney
|
0-0: 2-RUN HOME RUN (Line Drive, 9LD, EV 95.6 MPH), Distance : 362 ft
|
|
Pitching: RHP Chris Kroesen
|
|
|
Batting: LHB Jeff Alphonso
|
0-0: Ball 1-0: Foul Ball, location: 2F 1-1: Swinging Strike 1-2: Ball 2-2: Ground out 5-3 (Groundball, 56S, EV 66.2 MPH)
|
| Bottom of the 4th over - 2 runs, 1 hit, 0 errors, 0 left on base; Bluefield 6 - Great Falls 5 |
| TOP OF THE 5TH |
|
Bluefield Blue Jays batting - Pitching for Great Falls Voyagers : RHP Chris Worster
|
|
Batting: RHB Mike Johnson
|
0-0: Ball 1-0: SINGLE (Line Drive, 9S, EV 102.5 MPH)
|
|
Batting: RHB Bill Murray
|
0-0: Ball Mike Johnson is caught stealing 2nd base 2-4 1-0: Ball 2-0: Foul Ball, location: 2F 2-1: Ball 3-1: Foul Ball, location: 2F 3-2: Foul Ball, location: 2F 3-2: Base on Balls
|
|
Batting: RHB Victor Ayala
|
0-0: Ball 1-0: Ball 2-0: SINGLE (Groundball, 56, EV 92.5 MPH) (infield hit) Bill Murray to second
|
|
Batting: RHB Dan Muns
|
0-0: Ball 1-0: Grounds into double play, 6-4-3 (Groundball, 6, EV 89.4 MPH)
|
| Top of the 5th over - 0 runs, 2 hits, 0 errors, 1 left on base; Bluefield 6 - Great Falls 5 |
| BOTTOM OF THE 5TH |
|
Great Falls Voyagers batting - Pitching for Bluefield Blue Jays : RHP Chris Kroesen
|
|
Batting: RHB Andy Cotton
|
0-0: Ball 1-0: Foul Ball, location: 2F 1-1: Ball 2-1: Called Strike 2-2: Foul Ball, location: 2F 2-2: Foul Ball, location: 2F 2-2: Foul Ball, location: 2F 2-2: Strikes out swinging
|
|
Batting: RHB David Rhodes
|
0-0: Ball 1-0: Ball 2-0: Ball 3-0: Called Strike 3-1: Base on Balls
|
|
Batting: RHB Billy Grubbs
|
0-0: Called Strike 0-1: Ball 1-1: Swinging Strike 1-2: Foul Ball, location: 2F 1-2: Ball 2-2: Strikes out swinging
|
|
Batting: RHB Kasey Bland
|
0-0: Called Strike 0-1: Ball Wild Pitch! David Rhodes to second 1-1: Swinging Strike 1-2: Fly out, F9 (Line Drive, 89M, EV 91.9 MPH)
|
| Bottom of the 5th over - 0 runs, 0 hits, 0 errors, 1 left on base; Bluefield 6 - Great Falls 5 |
| TOP OF THE 6TH |
|
Bluefield Blue Jays batting - Pitching for Great Falls Voyagers : RHP Chris Worster
|
|
Batting: LHB Kurt Estep
|
0-0: Called Strike 0-1: SINGLE (Groundball, 4M, EV 101.9 MPH) (infield hit)
|
|
Pitching: RHP Alec Guglielmo
|
|
|
Batting: RHB Shunsuke Shiba Inu
|
0-0: Ball 1-0: Fielders Choice at 2nd, 6-4 (Groundball, 56, EV 90.6 MPH)
|
|
Batting: RHB Carlos Bravo
|
0-0: Foul Ball, location: 2F 0-1: Called Strike 0-2: SINGLE (Flyball, 5D, EV 101.9 MPH) Shunsuke Shiba Inu to second Shunsuke Shiba Inu to third
|
|
Batting: LHB Eric Toney
|
0-0: Called Strike 0-1: Fly out, F7 (Flyball, 7, EV 84.4 MPH)
|
|
Batting: RHB Stephen Casteel
|
0-0: Ball 1-0: Called Strike 1-1: Swinging Strike 1-2: Foul Ball, location: 2F 1-2: Ball 2-2: Ball 3-2: Strikes out swinging
|
| Top of the 6th over - 0 runs, 2 hits, 0 errors, 2 left on base; Bluefield 6 - Great Falls 5 |
| BOTTOM OF THE 6TH |
|
Great Falls Voyagers batting - Pitching for Bluefield Blue Jays : RHP Chris Kroesen
|
|
Batting: RHB Vladmiri Nugaibekov
|
0-0: Called Strike 0-1: Swinging Strike 0-2: Ball 1-2: Ground out 6-3 (Groundball, 6, EV 81.9 MPH)
|
|
Batting: SHB Jay Gagnon
|
0-0: Ball 1-0: Ball 2-0: Ball 3-0: Called Strike 3-1: Ground out 4-3 (Groundball, 4, EV 108.1 MPH)
|
|
Batting: RHB Mike Rosa
|
0-0: Called Strike 0-1: Foul Ball, location: 2F 0-2: Ball 1-2: Ball 2-2: DOUBLE (Line Drive, 7LM, EV 108.1 MPH)
|
|
Batting: LHB Justin Stickney
|
0-0: Foul Ball, location: 2F 0-1: Ball 1-1: Fly out, F7 (Flyball, 78S, EV 79.4 MPH)
|
| Bottom of the 6th over - 0 runs, 1 hit, 0 errors, 1 left on base; Bluefield 6 - Great Falls 5 |
| TOP OF THE 7TH |
|
Bluefield Blue Jays batting - Pitching for Great Falls Voyagers : RHP Alec Guglielmo
|
|
Batting: RHB Mike Johnson
|
0-0: Called Strike 0-1: Swinging Strike 0-2: Ball 1-2: Foul Ball, location: 2F 1-2: Ball 2-2: Fly out, F9 (Line Drive, 9, EV 106.2 MPH)
|
|
Batting: RHB Bill Murray
|
0-0: Ball 1-0: Ball 2-0: Foul Ball, location: 2F 2-1: Called Strike 2-2: Ball 3-2: Base on Balls
|
|
Batting: RHB Victor Ayala
|
0-0: Ball Bill Murray steals 2nd base 1-0: Ball Passed Ball! Bill Murray to third 2-0: DOUBLE (Line Drive, 89D, EV 101.9 MPH) Bill Murray scores
|
|
Batting: RHB Dan Muns
|
0-0: Ball 1-0: Ball 2-0: Ball 3-0: Called Strike 3-1: SINGLE (Flyball, 8RS, EV 85.6 MPH) Victor Ayala to third
|
|
Batting: LHB Kurt Estep
|
0-0: Ball 1-0: Ball 2-0: Called Strike 2-1: Foul Ball, location: 2F 2-2: Ball 3-2: Base on Balls Dan Muns to second
|
|
Pitching: LHP Yusufu Mustafa
|
|
|
Batting: RHB Shunsuke Shiba Inu
|
0-0: Foul Ball, location: 2F 0-1: Ball 1-1: Called Strike 1-2: Ball 2-2: Foul Ball, location: 2F 2-2: Strikes out swinging
|
|
Batting: RHB Carlos Bravo
|
0-0: Swinging Strike 0-1: Ball 1-1: Ball 2-1: Swinging Strike 2-2: Strikes out swinging
|
| Top of the 7th over - 1 run, 2 hits, 0 errors, 3 left on base; Bluefield 7 - Great Falls 5 |
| BOTTOM OF THE 7TH |
|
Great Falls Voyagers batting - Pitching for Bluefield Blue Jays : RHP Chris Kroesen
|
|
Pitching: LHP Mike Hayden
|
|
|
Now at 1B: Braydon Pinsent
|
|
|
Pinch Hitting: RHB Jake Feinstein
|
0-0: Called Strike 0-1: Ball 1-1: Ball 2-1: Ball 3-1: Foul Ball, location: 2F 3-2: Foul Ball, location: 2F 3-2: Foul Ball, location: 2F 3-2: Base on Balls
|
|
Pitching: LHP Mike Oakes
|
|
|
Batting: RHB Andy Cotton
|
0-0: Swinging Strike 0-1: Ball 1-1: Called Strike 1-2: Ball 2-2: Foul Ball, location: 2F 2-2: Ball 3-2: Strikes out looking
|
|
Batting: RHB David Rhodes
|
0-0: Ball 1-0: Ball 2-0: Fly out, F8 (Flyball, 8LD, EV 93.1 MPH)
|
|
Batting: RHB Billy Grubbs
|
0-0: Ball 1-0: Fly out, F8 (Flyball, 8RXD, EV 107.5 MPH)
|
| Bottom of the 7th over - 0 runs, 0 hits, 0 errors, 1 left on base; Bluefield 7 - Great Falls 5 |
| TOP OF THE 8TH |
|
Bluefield Blue Jays batting - Pitching for Great Falls Voyagers : LHP Yusufu Mustafa
|
|
Now in RF: Mitch Cuadros
|
|
|
Batting: LHB Eric Toney
|
0-0: Ball 1-0: Ball 2-0: Called Strike 2-1: Swinging Strike 2-2: Foul Ball, location: 2F 2-2: Strikes out looking
|
|
Batting: RHB Stephen Casteel
|
0-0: SINGLE (Groundball, 6D, EV 101.9 MPH)
|
|
Pitching: LHP Ray Sowers
|
|
|
Batting: RHB Mike Johnson
|
0-0: Swinging Strike 0-1: Ball 1-1: Ball Stephen Casteel steals 2nd base 2-1: Ground out 6-3 (Groundball, 6, EV 80.6 MPH) Stephen Casteel to third
|
|
Batting: RHB Bill Murray
|
0-0: Foul Ball, location: 2F 0-1: Ball 1-1: Ball 2-1: Ball 3-1: Base on Balls
|
|
Batting: RHB Braydon Pinsent
|
0-0: SINGLE (Groundball, 34D, EV 94.4 MPH) Stephen Casteel scores Bill Murray to second Runner from 2nd tries for 3rd, SAFE, throw by RF made to third Braydon Pinsent to second
|
|
Batting: RHB Dan Muns
|
0-0: Called Strike 0-1: Ball 1-1: Ball 2-1: Ball 3-1: Base on Balls
|
|
Batting: LHB Kurt Estep
|
0-0: Fly out, F9 (Flyball, 89M, EV 96.2 MPH)
|
| Top of the 8th over - 1 run, 2 hits, 0 errors, 3 left on base; Bluefield 8 - Great Falls 5 |
| BOTTOM OF THE 8TH |
|
Great Falls Voyagers batting - Pitching for Bluefield Blue Jays : LHP Mike Oakes
|
|
Batting: RHB Kasey Bland
|
0-0: Fly out, F8 (Flyball, 8LD, EV 92.5 MPH)
|
|
Batting: RHB Vladmiri Nugaibekov
|
0-0: Called Strike 0-1: Ground out 5-3 (Groundball, 56S, EV 65.0 MPH)
|
|
Batting: SHB Jay Gagnon
|
0-0: Called Strike 0-1: Ball 1-1: DOUBLE (Line Drive, 5D, EV 100.0 MPH)
|
|
Batting: RHB Mike Rosa
|
0-0: Ball 1-0: Fly out, F4 (Popup, 4, EV 60.0 MPH)
|
| Bottom of the 8th over - 0 runs, 1 hit, 0 errors, 1 left on base; Bluefield 8 - Great Falls 5 |
| TOP OF THE 9TH |
|
Bluefield Blue Jays batting - Pitching for Great Falls Voyagers : LHP Ray Sowers
|
|
Batting: RHB Shunsuke Shiba Inu
|
0-0: Ground out 5-3 (Groundball, 56, EV 80.6 MPH)
|
|
Batting: RHB Carlos Bravo
|
0-0: Ball 1-0: Ball 2-0: Ball 3-0: Called Strike 3-1: Base on Balls
|
|
Pitching: LHP Don Stanford
|
|
|
Batting: LHB Eric Toney
|
0-0: Ball 1-0: Foul Ball, location: 2F 1-1: Ball Pickoff Throw to First - Out! 1-3 CS 2-1: Swinging Strike 2-2: Strikes out swinging
|
| Top of the 9th over - 0 runs, 0 hits, 0 errors, 0 left on base; Bluefield 8 - Great Falls 5 |
| BOTTOM OF THE 9TH |
|
Great Falls Voyagers batting - Pitching for Bluefield Blue Jays : LHP Mike Oakes
|
|
Pitching: RHP Joe Linkous
|
|
|
Batting: LHB Justin Stickney
|
0-0: Ball 1-0: SINGLE (Groundball, 56D, EV 101.2 MPH)
|
|
Batting: RHB Mitch Cuadros
|
0-0: Ball 1-0: Called Strike 1-1: Foul Ball, location: 2F 1-2: Strikes out swinging
|
|
Pinch Hitting: SHB Ethan Villalobos
|
0-0: Ball 1-0: Foul Ball, location: 2F 1-1: Swinging Strike 1-2: Foul Ball, location: 9LSF, Error on foul ball, E9 1-2: Fly out, F4 (Popup, 13S, EV 83.1 MPH)
|
|
Batting: RHB David Rhodes
|
0-0: Foul Ball, location: 2F 0-1: Fielders Choice at 2nd, 5-4 (Groundball, 56, EV 110.6 MPH)
|
| Bottom of the 9th over - 0 runs, 1 hit, 1 error, 1 left on base; Bluefield 8 - Great Falls 5 |
|